 Dungeon Crawl Stone Soup version 0.30-a0-779-g7971cf19c3 (webtiles) character file.

Game seed: 5414460276456093177

185 cheesebisquit the Chopper (level 5, 0/41 (47) HPs)
             Began as a Minotaur Fighter on Feb 16, 2023.
             Slain by Duvessa
             ... wielding a +2 rapier of draining
              (7 damage)
             ... on level 4 of the Dungeon on Feb 17, 2023.
             The game lasted 00:07:40 (2624 turns).

cheesebisquit the Chopper (Minotaur Fighter)        Turns: 2624, Time: 00:07:41

HP:   0/41 (47)     AC: 11    Str: 23    XL:     5   Next: 37%
MP:   4/4           EV:  7    Int:  5    God:
Gold: 178           SH:  4    Dex:  9    Spells: 4/4 levels left

rFire   . . .      SeeInvis .    a - +0 war axe
rCold   . . .      Faith    .    c - +0 buckler
rNeg    . . .      Spirit   .    s - +0 chain mail
rPois   .          Reflect  .    e - +2 hat
rElec   .          Harm     .    (no cloak)
rCorr   .          Rampage  .    (no gloves)
Will    .....                    (no boots) Stlth
                                 (no amulet)
HPRegen 0.26/turn                (no ring)
MPRegen 0.09/turn                (no ring)

@: mighty, heavily drained
A: horns 2, retaliatory headbutt
a: no special abilities


You were on level 4 of the Dungeon.
You visited 1 branch of the dungeon, and saw 4 of its levels.

You collected 178 gold pieces.

Inventory:

Hand Weapons
 a - a +0 war axe (weapon)
Armour
 c - a +0 buckler (worn)
 e - a +2 hat (worn)
 s - a +0 chain mail (worn)
Scrolls
 g - a scroll of brand weapon {unknown}
 h - a scroll of enchant weapon {unknown}
 i - 3 scrolls of identify {unknown}
 l - a scroll of fear {unknown}
 m - a scroll of summoning {unknown}
 o - a scroll of noise {unknown}
 r - a scroll of blinking {unknown}
Potions
 d - a potion of might
 f - 2 potions of berserk rage {unknown}
 j - 3 potions of degeneration {unknown}
 k - 2 potions of curing {unknown}
 n - a potion of flight {unknown}
 p - a potion of magic {unknown}
 q - a potion of cancellation {unknown}


   Skills:
 + Level 4.6 Fighting
 * Level 4.7 Axes
 + Level 4.6 Armour
 + Level 4.5 Shields


You had 4 spell levels left.
You didn't know any spells.
Your spell library contained the following spells:

 Spells                   Type           Power      Damage    Failure   Level
 Necrotise                Necr           0%         1d4       99%         1
 Scorch                   Fire           0%         2d5       100%        2
 Static Discharge         Conj/Air       0%         2-2/arc   100%        2
 Call Canine Familiar     Summ           0%         N/A       100%        3
 Inner Flame              Hex/Fire       0%         N/A       100%        3
 Portal Projectile        Hex/Tloc       0%         N/A       100%        3
 Summon Guardian Golem    Hex/Summ       0%         N/A       100%        3
 Vampiric Draining        Necr           0%         2d6       100%        3
 Vhi's Electric Charge    Tloc/Air       0%         N/A       100%        3
 Flame Wave               Conj/Fire      0%         2d4       100%        4
 Leda's Liquefaction      Hex/Erth       0%         N/A       100%        4
 Sticky Flame             Conj/Fire      0%         2d3       100%        4
 Agony                    Necr           0%         N/A       100%        5
 Arcjolt                  Conj/Air       0%         1d10      100%        5
 Lightning Bolt           Conj/Air       0%         1d11      100%        5
 Conjure Ball Lightning   Conj/Air       0%         3x3d6     100%        6
 Summon Cactus Giant      Summ           0%         N/A       100%        6
 Orb of Destruction       Conj           0%         9d5       100%        7
 Spellforged Servitor     Conj/Summ      0%         N/A       100%        7
 Discord                  Hex            0%         N/A       100%        8
 Disjunction              Tloc           0%         N/A       100%        8


Dungeon Overview and Level Annotations

Branches:
Dungeon (4/15)
 Temple: D:4-7

Altars:
Vehumet

Annotations:
D:4 Dowan, Duvessa


Innate Abilities, Weirdness & Mutations

You have a pair of horns on your head.
You reflexively headbutt those who attack you in melee.


Message History

You continue putting on your +0 chain mail.
The quokka closely misses you. You furiously retaliate!
You headbutt the quokka.
You continue putting on your +0 chain mail.
The quokka closely misses you. You furiously retaliate!
You headbutt the quokka.
You kill the quokka!
You finish putting on your +0 chain mail.
You drop a +0 scale mail.
You now have 178 gold pieces (gained 11).
You pick up a book of Lightning and begin reading...
You add the spells Static Discharge, Vhi's Electric Charge, Lightning Bolt and Arcjolt to your library.
Duvessa, Sister of Dowan comes into view.
She is wielding a +2 rapier of draining.
Found 14 gold pieces.
Duvessa shouts!
Dowan, Brother of Duvessa comes into view.
He is wielding a +0 dagger, wearing a +0 robe of willpower and carrying a wand of polymorph (8).
You start waiting.
Duvessa is nearby!
Duvessa hits you with a +2 rapier of draining!
You feel drained.
You slash Duvessa! You headbutt Duvessa!
Duvessa is heavily wounded.
Duvessa hits you with a +2 rapier of draining!
You feel drained.
* * * LOW HITPOINT WARNING * * *
You feel very mighty all of a sudden. Duvessa hits you but does no damage.
You feel drained.
You hit Duvessa.
Duvessa is severely wounded.
Duvessa hits you with a +2 rapier of draining.
* * * LOW HITPOINT WARNING * * *
You feel drained.
* * * LOW HITPOINT WARNING * * *
You hit Duvessa. Your headbutt misses Duvessa.
Duvessa is severely wounded.
Dowan casts a spell.
Dowan blinks!
You block Duvessa's attack.
Duvessa says, "My weaknesses are his strengths!"
Duvessa hits you with a +2 rapier of draining!
You die...

...####........##
#.# ..#
##.......# #.# ..
#......# #.# .
#.....#
###.######.#
#......##
##..........#
........#
##..##########
........####..##
.....e.ยง##...##
...##..#e@.###
#..##.###
...##..# ....#
#.## ..$# .. ...
### ##


You could see Duvessa and Dowan.

Vanquished Creatures
  A hound (D:3)
  Robin (D:2)
  8 adders
  A worm (D:3)
  A dart slug (D:2)
  An orc (D:3)
  7 ball pythons
  3 endoplasms
  3 giant cockroaches
  10 goblins
  7 hobgoblins
  2 jackals (D:1)
  3 quokkas
  2 bats
  6 frilled lizards
  7 kobolds
  6 rats
69 creatures vanquished.

Notes
Turn   | Place    | Note
-------+----------+-------------------------------------------
     0 | D:1      | cheesebisquit the Minotaur Fighter began the quest for the
                  | Orb.
     0 | D:1      | Reached XP level 1. HP: 19/19 MP: 0/0
    97 | D:1      | Upgraded the game from 0.30-a0-778-g2ef04afb54 to
                  | 0.30-a0-779-g7971cf19c3
   236 | D:1      | Reached XP level 2. HP: 27/27 MP: 1/1
  1091 | D:2      | Reached XP level 3. HP: 29/33 MP: 2/2
  1123 | D:2      | Noticed Robin
  1139 | D:2      | Killed Robin
  1140 | D:2      | Reached XP level 4. HP: 31/40 MP: 3/3
  1499 | D:2      | Found a radiant altar of Vehumet.
  1929 | D:3      | Reached XP level 5. HP: 42/47 MP: 4/4
  2192 | D:3      | Found a faded altar of an unknown god.
  2614 | D:4      | Noticed Duvessa
  2614 | D:4      | Noticed Dowan
  2624 | D:4      | Slain by Duvessa

Illustrated notes

Levels and vault maps discovered:
D:1:      co_arrival_random_square_maze, layout_basic, wad_floor_pattern_1,
          minmay_tripent
D:2:      layout_basic, basic_altar, minmay_pentomino_r2, uniq_robin
D:3:      layout_loops_ring, basic_ecumenical_altar, minmay_misc_feat_chi
D:4:      layout_basic, kennysheep_decorative_pillar,
          nicolae_shop_overcharged_wands, uniq_duvessa

Skill      XL: |  1  2  3  4 |
---------------+-------------+-----
Axes           | 3 4 |  4.7
Armour         | 4 |  4.6
Shields        | 4 |  4.5
Fighting       | 4 |  4.6

Action                     |  1- 3 |  4- 6 || total
---------------------------+-------+-------++-------
  Melee: War axe           |    75 |    55 ||   130
         Headbutt          |     5 |     9 ||    14
    Use: Potion            |       |     1 ||     1
 Armour: Scale mail        |    44 |    27 ||    71
         Chain mail        |       |     1 ||     1
  Dodge: Dodged            |    43 |    36 ||    79
  Block: Buckler           |    23 |    16 ||    39

Table legend: (Time is in decaauts)
 A = Elapsed time spent in this place.
 B = Non-inter-level travel time spent in this place.
 C = Inter-level travel time spent in this place.
 D = Time resting spent in this place.
 E = Time spent auto-exploring this place.
 F = Levels seen in this place.
 G = Mean time per level.
                   A        B        C        D        E       F      G
               +--------+--------+--------+--------+--------+-----+--------+
         Total |   2669 |   2582 |     87 |      3 |   2197 |   4 |  667.2 |
       Dungeon |   2669 |   2582 |     87 |      3 |   2197 |   4 |  667.2 |
               +--------+--------+--------+--------+--------+-----+--------+

Top non-repeatable levels by time:
     D:1: 1020 daAuts
     D:2: 835 daAuts
     D:3: 713 daAuts
     D:4: 99 daAuts
